TOP OF THE 1ST |
Miami Marlins batting - Pitching for Atlanta Braves : RHP Kevin Ovens-Toots
|
Pitching: RHP Kevin Ovens-Toots
|
|
Batting: RHB Bert Clark
|
0-0: Ball 1-0: Ball 2-0: Ball 3-0: Base on Balls
|
Batting: RHB Alberto Cotto
|
0-0: Ball 1-0: DOUBLE (Line Drive, 9LM, EV 110.0 MPH) Bert Clark to third
|
Batting: LHB Andre Gorter
|
0-0: Called Strike 0-1: Ball 1-1: Foul Ball, location: 2F 1-2: Ball 2-2: Foul Ball, location: 2F 2-2: Ball 3-2: Foul Ball, location: 2F 3-2: Base on Balls
|
Batting: RHB Jimmy Groseclose
|
0-0: Ball 1-0: Called Strike 1-1: Foul Ball, location: 2F 1-2: Foul Ball, location: 2F 1-2: Ball 2-2: Ball 3-2: Strikes out swinging
|
Batting: RHB Micah Christopher
|
0-0: Called Strike 0-1: Ball 1-1: Foul Ball, location: 2F 1-2: Strikes out swinging
|
Batting: RHB Mike Gar
|
0-0: Swinging Strike 0-1: GRAND SLAM HOME RUN (Flyball, 78XD, EV 101.2 MPH), Distance : 402 ft
|
Batting: RHB Mark Barger
|
0-0: Swinging Strike 0-1: Ball 1-1: Ball 2-1: Called Strike 2-2: Strikes out swinging
|
Top of the 1st over - 4 runs, 2 hits, 0 errors, 0 left on base; Miami 4 - Atlanta 0 |
BOTTOM OF THE 1ST |
Atlanta Braves batting - Pitching for Miami Marlins : RHP Mike Powell
|
Pitching: RHP Mike Powell
|
|
Batting: RHB Luis Torres
|
0-0: Called Strike 0-1: Ball 1-1: Ball 2-1: SOLO HOME RUN (Flyball, 89XD, EV 105.0 MPH), Distance : 431 ft
|
Batting: RHB Jeckel Hester
|
0-0: Ball 1-0: Ball 2-0: Called Strike 2-1: Ball 3-1: Ground out 4-3 (Groundball, 4, EV 82.5 MPH)
|
Batting: RHB Jordan Martin
|
0-0: Foul Ball, location: 2F 0-1: Swinging Strike 0-2: Foul Ball, location: 2F 0-2: SINGLE (Groundball, 34D, EV 103.1 MPH)
|
Batting: RHB Ike Trout
|
0-0: Called Strike 0-1: Ball 1-1: Called Strike Jordan Martin steals 2nd base (no throw) 1-2: Ball 2-2: Foul Ball, location: 2F 2-2: SINGLE (Line Drive, 56, EV 95.0 MPH) Jordan Martin to third
|
Batting: LHB Colin Worthington
|
0-0: Foul Ball, location: 2F 0-1: Ball 1-1: Swinging Strike 1-2: Strikes out swinging
|
Batting: RHB Marc Peckermark
|
0-0: Ball 1-0: Ball 2-0: Swinging Strike 2-1: Foul Ball, location: 2F 2-2: Foul Ball, location: 2F 2-2: Strikes out looking
|
Bottom of the 1st over - 1 run, 3 hits, 0 errors, 2 left on base; Miami 4 - Atlanta 1 |
TOP OF THE 2ND |
Miami Marlins batting - Pitching for Atlanta Braves : RHP Kevin Ovens-Toots
|
Batting: RHB Alex Munoz
|
0-0: Ball 1-0: Ball 2-0: Ball 3-0: Called Strike 3-1: SINGLE (Line Drive, 4MD, EV 99.4 MPH)
|
Batting: RHB Willie Chavez
|
0-0: Called Strike 0-1: Foul Ball, location: 2F 0-2: Ball 1-2: Grounds into double play, 2-6-3 (Groundball, 2R, EV 69.4 MPH)
|
Batting: RHB Bert Clark
|
0-0: Called Strike 0-1: Ground out 5-3 (Groundball, 56S, EV 88.1 MPH)
|
Top of the 2nd over - 0 runs, 1 hit, 0 errors, 0 left on base; Miami 4 - Atlanta 1 |
BOTTOM OF THE 2ND |
Atlanta Braves batting - Pitching for Miami Marlins : RHP Mike Powell
|
Batting: RHB Zhi-bin Ou-yang
|
0-0: Called Strike 0-1: Ball 1-1: Ball 2-1: Ball 3-1: Swinging Strike 3-2: DOUBLE (Line Drive, 3D, EV 94.4 MPH)
|
Batting: RHB Jared Speck
|
0-0: SINGLE (Groundball, 6D, EV 98.8 MPH) Zhi-bin Ou-yang to third Runner from 3rd tries for Home, SAFE, throw by CF to home
|
Batting: RHB Tade Post
|
0-0: Fly out, F5 (Popup, 56, EV 61.9 MPH)
|
Batting: RHB Luis Torres
|
0-0: Ball Jared Speck is caught stealing 2nd base 2-4 1-0: Called Strike 1-1: Swinging Strike 1-2: Foul Ball, location: 2F 1-2: Ball 2-2: Strikes out swinging
|
Bottom of the 2nd over - 1 run, 2 hits, 0 errors, 0 left on base; Miami 4 - Atlanta 2 |
TOP OF THE 3RD |
Miami Marlins batting - Pitching for Atlanta Braves : RHP Kevin Ovens-Toots
|
Batting: RHB Alberto Cotto
|
0-0: Ground out 5-3 (Groundball, 56, EV 103.8 MPH)
|
Batting: LHB Andre Gorter
|
0-0: Called Strike 0-1: Called Strike 0-2: Foul Ball, location: 2F 0-2: Ball 1-2: SINGLE (Line Drive, 89S, EV 104.4 MPH)
|
Batting: RHB Jimmy Groseclose
|
0-0: Called Strike 0-1: Fly out, F2 (Popup, 3SF, EV 81.2 MPH)
|
Batting: RHB Micah Christopher
|
0-0: Called Strike Andre Gorter steals 2nd base (no throw) 0-1: Fly out, F7 (Flyball, 7LS, EV 91.9 MPH)
|
Top of the 3rd over - 0 runs, 1 hit, 0 errors, 1 left on base; Miami 4 - Atlanta 2 |
BOTTOM OF THE 3RD |
Atlanta Braves batting - Pitching for Miami Marlins : RHP Mike Powell
|
Batting: RHB Jeckel Hester
|
0-0: Fly out, F9 (Line Drive, 89S, EV 86.2 MPH)
|
Batting: RHB Jordan Martin
|
0-0: Ball 1-0: Foul Ball, location: 2F 1-1: Ball 2-1: Fly out, F8 (Flyball, 8RM, EV 98.1 MPH)
|
Batting: RHB Ike Trout
|
0-0: Foul Ball, location: 2F 0-1: Ball 1-1: Ball 2-1: Ball 3-1: SINGLE (Groundball, 56D, EV 96.9 MPH)
|
Batting: LHB Colin Worthington
|
0-0: Ball 1-0: Ball 2-0: Fly out, F7 (Flyball, 78M, EV 76.2 MPH)
|
Bottom of the 3rd over - 0 runs, 1 hit, 0 errors, 1 left on base; Miami 4 - Atlanta 2 |
TOP OF THE 4TH |
Miami Marlins batting - Pitching for Atlanta Braves : RHP Kevin Ovens-Toots
|
Batting: RHB Mike Gar
|
0-0: Foul Ball, location: 2F 0-1: Ball 1-1: Swinging Strike 1-2: Ball 2-2: SINGLE (Line Drive, 34D, EV 96.9 MPH)
|
Batting: RHB Mark Barger
|
0-0: Ball 1-0: Foul Ball, location: 2F 1-1: Called Strike 1-2: DOUBLE (Flyball, 8LXD, EV 98.1 MPH) Mike Gar to third
|
Batting: RHB Alex Munoz
|
0-0: Ball 1-0: Ball 2-0: Ball 3-0: Base on Balls
|
Batting: RHB Willie Chavez
|
0-0: Ball 1-0: Ball 2-0: Foul Ball, location: 2F 2-1: Swinging Strike 2-2: Strikes out swinging
|
Batting: RHB Bert Clark
|
0-0: Ball 1-0: Ground out 5-3 (Groundball, 56S, EV 73.8 MPH) Mike Gar scores Mark Barger to third Alex Munoz to second
|
Batting: RHB Alberto Cotto
|
0-0: Ball 1-0: Called Strike 1-1: Foul Ball, location: 2F 1-2: Ball 2-2: Strikes out swinging
|
Top of the 4th over - 1 run, 2 hits, 0 errors, 2 left on base; Miami 5 - Atlanta 2 |
BOTTOM OF THE 4TH |
Atlanta Braves batting - Pitching for Miami Marlins : RHP Mike Powell
|
Batting: RHB Marc Peckermark
|
0-0: Fly out, F8 (Flyball, 8LD, EV 83.8 MPH)
|
Batting: RHB Zhi-bin Ou-yang
|
0-0: Ball 1-0: Ball 2-0: Called Strike 2-1: Ball 3-1: Base on Balls
|
Batting: RHB Jared Speck
|
0-0: Called Strike 0-1: Ball 1-1: 2-RUN HOME RUN (Flyball, 7LD, EV 101.2 MPH), Distance : 373 ft
|
Batting: RHB Tade Post
|
0-0: Ball 1-0: Called Strike 1-1: Foul Ball, location: 2F 1-2: Strikes out looking
|
Batting: RHB Luis Torres
|
0-0: Ball 1-0: Foul Ball, location: 2F 1-1: Fly out, F8 (Flyball, 89D, EV 85.0 MPH)
|
Bottom of the 4th over - 2 runs, 1 hit, 0 errors, 0 left on base; Miami 5 - Atlanta 4 |
TOP OF THE 5TH |
Miami Marlins batting - Pitching for Atlanta Braves : RHP Kevin Ovens-Toots
|
Pitching: RHP Tim Kull
|
|
Batting: LHB Andre Gorter
|
0-0: Ball 1-0: Ball 2-0: Swinging Strike 2-1: Ball 3-1: Swinging Strike 3-2: Base on Balls
|
Batting: RHB Jimmy Groseclose
|
0-0: Ball Andre Gorter steals 2nd base 1-0: Ball Andre Gorter steals 3rd base (no throw) 2-0: Ball 3-0: Foul Ball, location: 2F 3-1: Base on Balls
|
Batting: RHB Micah Christopher
|
0-0: Ball Jimmy Groseclose is caught stealing 2nd base 2-4 1-0: Ball 2-0: Ground out 6-3 (Groundball, 6S, EV 62.5 MPH) Andre Gorter scores
|
Batting: RHB Mike Gar
|
0-0: Swinging Strike 0-1: Called Strike 0-2: Foul Ball, location: 2F 0-2: Strikes out swinging
|
Top of the 5th over - 1 run, 0 hits, 0 errors, 0 left on base; Miami 6 - Atlanta 4 |
BOTTOM OF THE 5TH |
Atlanta Braves batting - Pitching for Miami Marlins : RHP Mike Powell
|
Batting: RHB Jeckel Hester
|
0-0: Called Strike 0-1: Ball 1-1: SINGLE (Line Drive, 9S, EV 104.4 MPH)
|
Batting: RHB Jordan Martin
|
0-0: Ball 1-0: Ball 2-0: Ball 3-0: Called Strike 3-1: Base on Balls Jeckel Hester to second
|
Batting: RHB Ike Trout
|
0-0: Called Strike Jeckel Hester steals 3rd base 0-1: Swinging Strike 0-2: Ball 1-2: Foul Ball, location: 2F 1-2: Ball 2-2: SINGLE (Line Drive, 78S, EV 101.2 MPH) Jeckel Hester scores Jordan Martin to second
|
Pitching: LHP Geoff Goss
|
|
Pinch Hitting: RHB Ramon Villarreal
|
0-0: Called Strike 0-1: Ball 1-1: Ball 2-1: Fielders Choice at 2nd, 5-4 (Groundball, 5, EV 86.9 MPH) Jordan Martin to third
|
Batting: RHB Marc Peckermark
|
0-0: Called Strike 0-1: Ball 1-1: Fly out, F8 (Flyball, 8RD, EV 100.6 MPH) Runner from 3rd tags up, SCORES, throw by CF
|
Batting: RHB Zhi-bin Ou-yang
|
0-0: Ball 1-0: Fly out, F8 (Line Drive, 8RD, EV 91.2 MPH)
|
Bottom of the 5th over - 2 runs, 2 hits, 0 errors, 1 left on base; Miami 6 - Atlanta 6 |
TOP OF THE 6TH |
Miami Marlins batting - Pitching for Atlanta Braves : RHP Tim Kull
|
Now in LF: Marc Peckermark
|
|
Now in CF: Liangde Li
|
|
Batting: RHB Mark Barger
|
0-0: Ball 1-0: Ground out U3 (Groundball, 34S, EV 86.9 MPH)
|
Pinch Hitting: LHB Eric Bailey
|
0-0: Ball 1-0: Ball 2-0: Ball 3-0: Called Strike 3-1: Base on Balls
|
Batting: RHB Willie Chavez
|
0-0: Ball 1-0: Called Strike Eric Bailey steals 2nd base 1-1: Ball 2-1: SINGLE (Groundball, 6MD, EV 111.2 MPH) Eric Bailey to third
|
Batting: RHB Bert Clark
|
0-0: Ball 1-0: Called Strike 1-1: Ball 2-1: Swinging Strike 2-2: Strikes out swinging
|
Batting: RHB Alberto Cotto
|
0-0: Ball 1-0: Called Strike 1-1: Called Strike 1-2: Strikes out looking
|
Top of the 6th over - 0 runs, 1 hit, 0 errors, 2 left on base; Miami 6 - Atlanta 6 |
BOTTOM OF THE 6TH |
Atlanta Braves batting - Pitching for Miami Marlins : LHP Geoff Goss
|
Now at 2B: Ramon Martinez
|
|
Batting: RHB Jared Speck
|
0-0: SOLO HOME RUN (Flyball, 7D, EV 97.5 MPH), Distance : 386 ft
|
Batting: RHB Tade Post
|
0-0: Ball 1-0: Ball 2-0: Ball 3-0: Base on Balls
|
Batting: RHB Luis Torres
|
0-0: Called Strike 0-1: Ball 1-1: Called Strike 1-2: Ball 2-2: Strikes out looking
|
Batting: RHB Jeckel Hester
|
0-0: Fly out, F9 (Flyball, 89D, EV 79.4 MPH)
|
Batting: RHB Jordan Martin
|
0-0: Foul Ball, location: 2F 0-1: Ball 1-1: Ball 2-1: Fielders Choice at 2nd, 4-6 (Groundball, 6M, EV 98.1 MPH)
|
Bottom of the 6th over - 1 run, 1 hit, 0 errors, 1 left on base; Miami 6 - Atlanta 7 |
TOP OF THE 7TH |
Miami Marlins batting - Pitching for Atlanta Braves : RHP Tim Kull
|
Pitching: RHP Jimmy Tasso
|
|
Batting: LHB Andre Gorter
|
0-0: Ball 1-0: Ball 2-0: Called Strike 2-1: Called Strike 2-2: Foul Ball, location: 2F 2-2: Foul Ball, location: 2F 2-2: SINGLE (Groundball, 6MD, EV 95.0 MPH)
|
Batting: RHB Jimmy Groseclose
|
0-0: Grounds into double play, 5-4-3 (Groundball, 5S, EV 89.4 MPH)
|
Batting: RHB Micah Christopher
|
0-0: Foul Ball, location: 2F 0-1: Ball 1-1: Called Strike 1-2: Strikes out looking
|
Top of the 7th over - 0 runs, 1 hit, 0 errors, 0 left on base; Miami 6 - Atlanta 7 |
BOTTOM OF THE 7TH |
Atlanta Braves batting - Pitching for Miami Marlins : LHP Geoff Goss
|
Pitching: RHP Chris Funderburg
|
|
Batting: RHB Ike Trout
|
0-0: SINGLE (Groundball, 34D, EV 100.0 MPH)
|
Batting: RHB Liangde Li
|
0-0: Ball 1-0: Ball 2-0: Called Strike 2-1: Ball 3-1: Base on Balls Ike Trout to second
|
Batting: RHB Marc Peckermark
|
0-0: Sac Bunt to 15S - play at first, batter safe! Ike Trout to third Liangde Li to second
|
Batting: RHB Zhi-bin Ou-yang
|
0-0: Called Strike 0-1: Ball 1-1: Fly out, F3 (Popup, 3SF, EV 86.2 MPH)
|
Batting: RHB Jared Speck
|
0-0: Foul Ball, location: 2F 0-1: Foul Ball, location: 2F 0-2: Ball 1-2: Ball 2-2: Ball 3-2: Base on Balls Ike Trout scores Liangde Li to third Marc Peckermark to second
|
Batting: RHB Tade Post
|
0-0: Called Strike 0-1: Ball 1-1: Foul Ball, location: 2F 1-2: Ball 2-2: Strikes out swinging
|
Batting: RHB Luis Torres
|
0-0: Ball 1-0: Swinging Strike 1-1: SINGLE (Groundball, 34D, EV 103.1 MPH) (infield hit) Liangde Li scores Marc Peckermark to third Jared Speck to second
|
Batting: RHB Jeckel Hester
|
0-0: Called Strike 0-1: Foul Ball, location: 2F 0-2: Ball 1-2: Foul Ball, location: 2F 1-2: Strikes out looking
|
Bottom of the 7th over - 2 runs, 3 hits, 0 errors, 3 left on base; Miami 6 - Atlanta 9 |
TOP OF THE 8TH |
Miami Marlins batting - Pitching for Atlanta Braves : RHP Jimmy Tasso
|
Batting: RHB Mike Gar
|
0-0: DOUBLE (Line Drive, 7LM, EV 105.6 MPH)
|
Batting: RHB Mark Barger
|
0-0: Called Strike 0-1: Ball 1-1: Called Strike 1-2: Fly out, F7 (Flyball, 78M, EV 88.1 MPH)
|
Batting: SHB Ramon Martinez
|
0-0: Foul Ball, location: 2F 0-1: Called Strike 0-2: Ball 1-2: DOUBLE (Line Drive, 78D, EV 103.8 MPH) Mike Gar scores
|
Batting: RHB Willie Chavez
|
0-0: Called Strike 0-1: Ball 1-1: Foul Ball, location: 2F 1-2: Foul Ball, location: 2F 1-2: Strikes out swinging
|
Batting: RHB Bert Clark
|
0-0: Foul Ball, location: 2F 0-1: Ball 1-1: Foul Ball, location: 2F 1-2: Hit by Pitch
|
Batting: RHB Alberto Cotto
|
0-0: Fielders Choice at 2nd, 6-4 (Groundball, 6, EV 90.6 MPH)
|
Top of the 8th over - 1 run, 2 hits, 0 errors, 2 left on base; Miami 7 - Atlanta 9 |
BOTTOM OF THE 8TH |
Atlanta Braves batting - Pitching for Miami Marlins : RHP Chris Funderburg
|
Batting: RHB Jordan Martin
|
0-0: Foul Ball, location: 2F 0-1: Foul Ball, location: 2F 0-2: SOLO HOME RUN (Flyball, 89XD, EV 104.4 MPH), Distance : 416 ft
|
Pitching: RHP Ray Duncan
|
|
Batting: RHB Ike Trout
|
0-0: Ball 1-0: Ball 2-0: Called Strike 2-1: Ball 3-1: Base on Balls
|
Batting: RHB Liangde Li
|
0-0: Called Strike 0-1: Ball 1-1: SINGLE (Groundball, 4MD, EV 96.2 MPH) Ike Trout to second
|
Batting: RHB Marc Peckermark
|
0-0: Called Strike 0-1: Fielders Choice at 2nd, 3-6 (Groundball, 34, EV 101.9 MPH) Ike Trout to third
|
Batting: RHB Zhi-bin Ou-yang
|
0-0: Grounds into double play, 4-6-3 (Groundball, 4M, EV 86.2 MPH)
|
Bottom of the 8th over - 1 run, 2 hits, 0 errors, 1 left on base; Miami 7 - Atlanta 10 |
TOP OF THE 9TH |
Miami Marlins batting - Pitching for Atlanta Braves : RHP Jimmy Tasso
|
Pitching: RHP Victor Munoz
|
|
Batting: LHB Andre Gorter
|
0-0: Called Strike 0-1: Ball 1-1: Called Strike 1-2: Ball 2-2: Ground out U3 (Groundball, 34, EV 85.0 MPH)
|
Batting: RHB Jimmy Groseclose
|
0-0: Called Strike 0-1: Foul Ball, location: 2F 0-2: Ball 1-2: Ball 2-2: Ball 3-2: SINGLE (Line Drive, 6D, EV 103.1 MPH)
|
Batting: RHB Micah Christopher
|
0-0: Called Strike 0-1: Ball 1-1: Foul Ball, location: 2F 1-2: Strikes out swinging
|
Batting: RHB Mike Gar
|
0-0: Ball 1-0: Ball 2-0: Ball 3-0: Base on Balls Jimmy Groseclose to second
|
Batting: RHB Mark Barger
|
0-0: Ball 1-0: Called Strike 1-1: Called Strike 1-2: Ball 2-2: Fly out, F9 (Line Drive, 9D, EV 98.1 MPH)
|
Top of the 9th over - 0 runs, 1 hit, 0 errors, 2 left on base; Miami 7 - Atlanta 10 |
|